 Dungeon Crawl Stone Soup version 0.31-a0-868-g674d60d6f7 (webtiles) character file.

Game seed: 7571085418805242190

70 ytrimaz the Insei (level 4, -4/28 HPs)
             Began as an Octopode Shapeshifter on Oct 11, 2023.
             Killed from afar by Natasha (9 damage)
             ... with a magic dart
             ... on level 2 of the Dungeon.
             The game lasted 00:02:10 (1705 turns).

ytrimaz the Insei (Octopode Shapeshifter)           Turns: 1705, Time: 00:02:11

Health: -4/28      AC:  0    Str: 13    XL:     4   Next: 22%
Magic:  4/4        EV: 19    Int: 12    God:
Gold:   90         SH:  0    Dex: 18    Spells: 3/3 levels left

rFire   . .          .
                       - Unarmed
rCold   . . .        (shield currently unavailable)
rNeg    . . .        (helmet currently unavailable)
rPois   .            (no amulet)
rElec   .            (ring currently unavailable)
rCorr   .            (ring currently unavailable)
SInv    .            (ring currently unavailable)
Will    .....        (ring currently unavailable)
Stlth   ++           (ring currently unavailable)
HPRegen 0.24/turn    (ring currently unavailable)
MPRegen 0.09/turn    (ring currently unavailable)
                     (ring currently unavailable)

%: no passive effects
@: bat-form, on berserk cooldown, flying, slowed, quick
A: fast, flying, no casting, almost no armour, (amphibious), (8 rings), tiny,
(camouflage 1), (gelatinous body 1), (nimble swimmer 1), (tentacles)
a: no special abilities


You were on level 2 of the Dungeon.
You were a bat.
You visited 1 branch of the dungeon, and saw 2 of its levels.

You collected 90 gold pieces.


Innate Abilities, Weirdness & Mutations

You are a bat.
You are tiny and dextrous.
You move quickly.
You are flying.
Your equipment is almost entirely melded.
You are incapable of wielding weapons or throwing items.
You cannot cast spells.
You cannot wear most types of armour.
((You are amphibious.))
((You can wear up to eight rings at the same time.))
((Your skin changes colour to match your surroundings (Stealth+).))
((Your rubbery body absorbs attacks. (AC +1, EV +1)))
((You are camouflaged when in or above water. (Stealth+)))
((You have tentacles for arms and can constrict up to eight enemies at once.))


   Skills:
 - Level 1.0 Fighting
 - Level 2.0 Dodging
 + Level 3.1 Stealth
 + Level 3.7 Unarmed Combat
 + Level 3.5 Shapeshifting


You had 3 spell levels left.
You didn't know any spells.
Your spell library contained the following spells:

 Spells                   Type           Power      Damage    Failure   Level
 Apportation              Tloc           0%         N/A       32%         1
 Foxfire                  Conj/Fire      0%         2x1d4     32%         1
 Jinxbite                 Hex            0%         N/A       45%         2
 Sublimation of Blood     Necr           0%         N/A       45%         2
 Wereblood                Tmut           0%         N/A       45%         2
 Alistair's Intoxication  Tmut/Pois      0%         N/A       100%        5
 Plasma Beam              Fire/Air       0%         2x1d10    100%        6
 Starburst                Conj/Fire      0%         6d3       100%        6
 Summon Hydra             Summ           0%         N/A       100%        7

Inventory:

Talismans
 b - a beast talisman
 c - a flux talisman
Scrolls
 d - a scroll of identify {unknown}
 f - a scroll of silence {unknown}
 h - a scroll of enchant weapon {unknown}
Potions
 a - 2 potions of lignification

Dungeon Overview and Level Annotations

Branches:
Dungeon (2/15) Zot: 10305

Altars:
Hepliaklqana

Annotations:
D:2 Natasha

#
#.#......##..###...##...###5#
#
#.###......#..#.###...####.#.#
#
#......###.##.#.#...h.###.###.
# ######.# #..##..#...#...h##
# # #.# #.)........#####.#
#####.#########.###### #.#
#........# ##.......# #..
#.###.##.####.....#..# #.# #.#
#.##....b.....#..# .# #.#
#.##..####..#.#..######.# #.#
#.....# #..............# #.#
####.## #..####.######## #.#
#.# #..# #.# #.######.#
#..####.# #........# #....)..#
########## ##.###### ####
#.....###### #.# #####...


You could see Natasha.


Message History

Found a hazy altar of Hepliaklqana.
Key pressed, stopping explore.
Found a stone staircase leading up.
There is a stone staircase leading up here.
You now have 90 gold pieces (gained 2).
Key pressed, stopping explore.
Key pressed, stopping explore.
As you open the door, it creaks loudly!
There is an open door here.
You open the door.
There is an open door here.
Natasha, Servant of Life and Death comes into view.
She is carrying a wand of polymorph.
Unknown command.
Unknown command.
Natasha stares at you and mumbles some strange words.
The magic dart hits you! 😮 HP[-8]
You take 8 damage, and now have 20/28 hp.
MASSIVE DAMAGE!! (PAUSE) Natasha casts a spell.
Unknown command.
You barely miss Natasha. Your grab misses Natasha.
Natasha completely misses you.
You barely miss Natasha. You grab Natasha. You constrict Natasha.
The cerulean imp hits you from afar with a +0 spear.
Natasha zaps a wand.
Your transformation has ended.
You turn into a bat.
You lose your grip on Natasha.
Unknown command.
You hit Natasha.
The cerulean imp hits you from afar with a +0 spear.
Natasha misses you. 😮 HP[-1]
You take 1 damage, and now have 19/28 hp.
Unknown command.
Unknown command.
You hit Natasha. The cerulean imp closely misses you.
Natasha closely misses you.
You hit Natasha but do no damage.
The cerulean imp hits you from afar with a +0 spear.
* * * LOW HITPOINT WARNING * * *
Natasha closely misses you. 😨 HP[-6]
You take 6 damage, and now have 13/28 hp.
MASSIVE DAMAGE!! (PAUSE)
The cerulean imp attacks as it pursues you!
The cerulean imp closely misses you. 😨 HP[+1] Unknown command.
Natasha attacks as she pursues you! Natasha claws you!
* * * LOW HITPOINT WARNING * * *
😱 HP[-7]
You take 7 damage, and now have 7/28 hp.
MASSIVE DAMAGE!! (PAUSE) Unknown command.
You are stuck in your current form!
It was a potion of curing.
You feel better.
Natasha stares at you and mumbles some strange words.
The magic dart hits you.
* * * LOW HITPOINT WARNING * * *
😨 HP[+3]
You regained 3 hp, and now have 10/28 hp.
The cerulean imp attacks as it pursues you!
The cerulean imp hits you from afar with a +0 spear.
* * * LOW HITPOINT WARNING * * *
😱 HP[-3]
You take 3 damage, and now have 7/28 hp.
The cerulean imp attacks as it pursues you!
The cerulean imp hits you from afar with a +0 spear.
* * * LOW HITPOINT WARNING * * *
😱 HP[-5]
You take 5 damage, and now have 2/28 hp.
The cerulean imp attacks as it pursues you!
The cerulean imp misses you. The cerulean imp misses you.
Okay, then.
It was a potion of berserk rage.
A red film seems to cover your vision as you go berserk!
You feel yourself moving faster!
You feel mighty! 😱 HP[+2]
You now have 42 max hp (+14).
You regained 2 hp, and now have 4/42 hp.
You feel a strong urge to attack something.
You feel your anger nearly subside.
You are no longer berserk.
You are exhausted.
You feel yourself slow down. 😱 HP[-2]
You now have 28 max hp (-14). 😱 HP[+1] Unknown command.
Unknown command. 😱 HP[+1]
The cerulean imp disappears in a puff of smoke!
Natasha casts a spell at you.
You feel as though you will be slow longer.
Natasha hisses.
Natasha casts a spell at you. The magic dart hits you!
You die...
Natasha curls up and begins to purr.

Skill      XL: |  1  2  3 |
---------------+----------+-----
Stealth        | 1 2 3 |  3.1
Fighting       | |  1.0
Dodging        | |  2.0
Unarmed Combat | |  3.7
Shapeshifting  | |  3.5

Action                     |  1- 3 |  4- 6 || total
---------------------------+-------+-------++-------
  Melee: Unarmed           |    56 |    11 ||    67
         Tentacles         |     7 |     1 ||     8
         Constrict         |    13 |     2 ||    15
         Punch             |     1 |       ||     1
    Use: Potion            |       |     2 ||     2
   Stab: Sleeping          |     9 |       ||     9
 Armour: Skin              |    28 |    10 ||    38
  Dodge: Dodged            |    32 |    13 ||    45

Levels and vault maps discovered:
D:1:      nagdon_arrival_double_spiral, layout_loops_corners, st_stairs_12,
          minmay_liquid_box, nicolae_wormholes
D:2:      layout_loops_corners, serial_shops, nicolae_shop_real_fake_doors,
          basic_altar, chequers_serial_rivers_small_a, minmay_pentomino_pile,
          uniq_natasha, uniq_jessica

Notes
Turn   | Place    | Note
-------+----------+-------------------------------------------
     0 | D:1      | ytrimaz the Octopode Shapeshifter began the quest for the
                  | Orb.
     0 | D:1      | Reached XP level 1. HP: 13/13 MP: 1/1
     0 | D:1      | magus.rc [v1.9.6]
   121 | D:1      | Reached skill level 1 in Stealth
   142 | D:1      | You pick up a book of Fire and begin reading...
   142 | D:1      | You add the spells Foxfire, Plasma Beam and Starburst to
                  | your library.
   161 | D:1      | Reached XP level 2. HP: 8/18 MP: 2/2
   441 | D:1      | Reached skill level 2 in Stealth
   480 | D:1      | Reached XP level 3. HP: 20/23 MP: 3/3
  1380 | D:2      | Noticed Natasha
  1385 | D:2      | Killed Natasha
  1386 | D:2      | Reached skill level 3 in Stealth
  1386 | D:2      | Reached XP level 4. HP: 28/28 MP: 4/4
  1402 | D:2      | You pick up a book of Blood and begin reading...
  1402 | D:2      | You add the spells Sublimation of Blood, Wereblood and
                  | Summon Hydra to your library.
  1418 | D:2      | You pick up a book of Party Tricks and begin reading...
  1418 | D:2      | You add the spells Apportation, Jinxbite and Alistair's
                  | Intoxication to your library.
  1452 | D:2      | Found a hazy altar of Hepliaklqana.
  1673 | D:2      | Noticed Natasha
  1683 | D:2      | HP: 7/28 [Natasha (7)]
  1688 | D:2      | HP: 2/28 [cerulean imp/+0 spear[Natasha] (6)]
  1705 | D:2      | Killed from afar by Natasha

Vanquished Creatures
  Natasha (D:2)
  A worm (D:1)
  4 ball pythons (D:1)
  6 endoplasms
  7 goblins
  3 hobgoblins
  2 jackals (D:1)
  3 kobolds
  A quokka (D:1)
  6 bats
  6 rats
40 creatures vanquished.

Table legend:
 A = Non-vault XP
 B = Vault XP
 C = Vault XP percentage of total XP
 D = Non-vault monster count
 E = Vault monster count
 F = Vault count percentage of total count
                 A         B        C        D         E       F
            +---------+---------+-------+---------+---------+-------
      Total |      56 |      45 |  44.6 |      34 |       6 |  15.0
            +---------+---------+-------+---------+---------+-------
        D:1 |      47 |       6 |  11.3 |      29 |       2 |   6.5
        D:2 |       9 |      39 |  81.2 |       5 |       4 |  44.4
            +---------+---------+-------+---------+---------+-------

Skill      XL: |  1  2  3 |
---------------+----------+-----
Stealth        | 1 2 3 |  3.1
Fighting       | |  1.0
Dodging        | |  2.0
Unarmed Combat | |  3.7
Shapeshifting  | |  3.5

Action                     |  1- 3 |  4- 6 || total
---------------------------+-------+-------++-------
  Melee: Unarmed           |    56 |    11 ||    67
         Tentacles         |     7 |     1 ||     8
         Constrict         |    13 |     2 ||    15
         Punch             |     1 |       ||     1
    Use: Potion            |       |     2 ||     2
   Stab: Sleeping          |     9 |       ||     9
 Armour: Skin              |    28 |    10 ||    38
  Dodge: Dodged            |    32 |    13 ||    45

Illustrated notes

Table legend:
 A = Kills in this place as a percentage of kills in the entire game.
 B = Kills by you in this place as a percentage of kills by you in the entire game.
 C = Kills by friends in this place as a percentage of kills by friends in the entire game.
 D = Other kills in this place as a percentage of other kills in the entire game.
 E = Experience gained in this place as a percentage of experience gained in the entire game.
 F = Experience gained in this place divided by the number of levels of this place that you have seen.
                   A       B       C       D       E      F
               +-------+-------+-------+-------+-------+----------------------
         Total | 100.0 | 100.0 |   N/A |   N/A | 100.0 |  50.5
       Dungeon | 100.0 | 100.0 |   N/A |   N/A | 100.0 |  50.5
               +-------+-------+-------+-------+-------+----------------------

Table legend: (Time is in decaauts)
 A = Elapsed time spent in this place.
 B = Non-inter-level travel time spent in this place.
 C = Inter-level travel time spent in this place.
 D = Time resting spent in this place.
 E = Time spent auto-exploring this place.
 F = Levels seen in this place.
 G = Mean time per level.
                   A        B        C        D        E       F      G
               +--------+--------+--------+--------+--------+-----+--------+
         Total |   1694 |   1639 |     55 |      0 |   1367 |   2 |  847.0 |
       Dungeon |   1694 |   1639 |     55 |      0 |   1367 |   2 |  847.0 |
               +--------+--------+--------+--------+--------+-----+--------+

Top non-repeatable levels by time:
     D:1: 1170 daAuts
     D:2: 523 daAuts
